 Dungeon Crawl Stone Soup version 0.26.1-2-gb8aa6d0cf2 (webtiles) character file.

Game seed: 10482991648070406258

1858 Gadfly the Cudgeller (level 8, -9/78 HPs)
             Began as a Troll Artificer on Feb 24, 2021.
             Was an Initiate of Gozag.
             Mangled by an orc warrior
             ... wielding a +2 mace of holy wrath
              (16 damage)
             ... on level 6 of the Dungeon.
             The game lasted 00:10:43 (6330 turns).

Gadfly the Cudgeller (Troll Artificer)              Turns: 6330, Time: 00:10:44

Health: -9/78      AC: 14    Str: 23    XL:     8   Next: 89%
Magic:  0/7        EV: 10    Int:  7    God:    Gozag
Gold:   588        SH:  0    Dex: 10    Spells: 7/7 levels left

rFire    . . .     SeeInvis .   a - +1 flail (protect)
rCold    . . .     Faith    .   (no shield)
rNeg     . . .     Spirit   +   n - +0 robe (curse)
rPois    .         Reflect  .   u - +1 hat
rElec    .         Harm     .   (no cloak)
rCorr    .         Rampage  .   (gloves unavailable)
Will     .....                  (boots unavailable)
Stlth    +.........             m - amulet of guardian spirit
HPRegen  0.63/turn              (no ring)
MPRegen  0.10/turn              (no ring)

@: protection aura
A: large, unfitting armour, claws 3, regeneration 1, shaggy fur 1, tough skin 3
a: Renounce Religion, Potion Petition, Call Merchant, Bribe Branch


You were on level 6 of the Dungeon.
You worshipped Gozag.
Gozag was pleased with you.
You visited 2 branches of the dungeon, and saw 7 of its levels.

You collected 681 gold pieces.
You paid 93 gold pieces to Gozag.

Inventory:

Hand Weapons
 a - a +1 flail of protection (weapon)
Armour
 n - a cursed +0 robe (worn)
 u - a +1 hat (worn)
Jewellery
 m - an amulet of guardian spirit (around neck)
 s - an uncursed ring of ice
Wands
 c - a wand of flame (15) (quivered)
 d - a wand of enslavement (15)
 e - a wand of random effects (14)
Scrolls
 f - 4 scrolls of remove curse
 l - a scroll of identify
 o - 5 scrolls of teleportation
 p - a scroll of magic mapping
 t - a scroll of fear
Potions
 b - a potion of haste
 g - a potion of might
 h - a potion of lignification
 i - 2 potions of flight
 j - a potion of berserk rage
 k - a potion of attraction
 q - a potion of resistance
 r - a potion of ambrosia {unknown}


   Skills:
 * Level 4.1 Fighting
 * Level 6.7 Maces & Flails
 + Level 4.1 Armour
 - Level 1.9 Dodging
 - Level 0.3 Stealth
 * Level 4.3 Evocations


You had 7 spell levels left.
You didn't know any spells.
Your spell library was empty.

Dungeon Overview and Level Annotations

Branches:
Dungeon (6/15)             Temple (1/1) D:4

Altars:
Cheibriados
Dithmenos
Elyvilon
Fedhas
Gozag
Hepliaklqana
Kikubaaqudgha
Qazlal
Ru
Sif Muna
Trog
Uskayaw
Vehumet
Wu Jian
Yredelemnul


Innate Abilities, Weirdness & Mutations

You are too large for most types of armour.
You have claws for hands.
Your natural rate of healing is unusually fast.
You are covered in fur. (AC +1)
You have extremely tough skin. (AC +3)


Message History

The orc warrior is heavily wounded.
You closely miss the orc warrior.
The orc warrior is heavily wounded.
The orc warrior barely misses you.
You sock the orc warrior!
The orc warrior is almost dead.
The orc warrior closely misses you.
You hit the orc warrior but do no damage.
The orc warrior is almost dead.
The orc warrior hits you with a +2 mace of holy wrath.
* * * LOW HITPOINT WARNING * * *
You closely miss the orc warrior.
The orc warrior is almost dead.
The orc warrior hits you with a +2 mace of holy wrath!!
* * * LOW HITPOINT WARNING * * *
You hit the orc warrior but do no damage.
The orc warrior is almost dead.
The orc warrior hits you with a +2 mace of holy wrath!
You die...
Your body crumbles into a pile of gold.

#.# ####.## #.#
#.# #.# #.#
#.######.# .#
#........# .#
############ .#
#.......# .#
#.###.#### .###
#.#......#####...#
#..........@oo...#
#
#...#.##.####o...#
#.#.....##.#
.........
#.......##.#
##...#####
####.(.....# ##.##
#.####### .# #.#
.# #.### +# #...#
$


You could see an orc warrior and 2 orcs.

Vanquished Creatures
  Grinder (D:6)
  Sigmund (D:3)
  A sky beast (D:6)
  A phantom (D:5)
  An ice beast (D:5)
  An ogre (D:6)
  2 centaurs
  2 bullfrogs (D:6)
  2 scorpions
  2 howler monkeys
  3 hounds
  2 jellies
  An orc priest (D:6)
  5 orc wizards (D:4)
  An iguana (D:4)
  3 worker ants
  A worker ant zombie (D:5)
  Robin (D:2)
  4 gnolls
  4 adders
  A shadow imp (D:6)
  2 white imps
  2 ufetubi
  An ooze (D:2)
  3 worms
  3 dart slugs
  4 leopard geckos
  12 orcs
  2 ball pythons
  2 bats
  3 giant cockroaches
  22 goblins
  18 hobgoblins
  13 jackals
  2 quokkas
  5 frilled lizards
  9 kobolds
  11 rats
154 creatures vanquished.

Notes
Turn   | Place    | Note
-------+----------+-------------------------------------------
     0 | D:1      | Gadfly the Troll Artificer began the quest for the Orb.
     0 | D:1      | Reached XP level 1. HP: 18/18 MP: 0/0
   180 | D:1      | Reached skill level 1 in Maces & Flails
   245 | D:1      | Reached XP level 2. HP: 22/26 MP: 1/1
   889 | D:1      | Reached skill level 2 in Maces & Flails
   889 | D:1      | Reached skill level 1 in Armour
   889 | D:1      | Reached XP level 3. HP: 9/32 MP: 2/2
  1380 | D:2      | Reached XP level 4. HP: 38/40 MP: 3/3
  1535 | D:2      | Noticed Robin
  1540 | D:2      | Reached skill level 3 in Maces & Flails
  1604 | D:2      | Killed Robin
  2056 | D:2      | Found a blossoming altar of Fedhas.
  2545 | D:3      | Reached XP level 5. HP: 46/46 MP: 4/4
  2560 | D:3      | Noticed Sigmund
  2574 | D:3      | Killed Sigmund
  2575 | D:3      | Reached skill level 4 in Maces & Flails
  2575 | D:3      | Reached XP level 6. HP: 27/54 MP: 5/5
  3266 | D:4      | Found an ancient bone altar of Kikubaaqudgha.
  3400 | D:4      | Reached skill level 1 in Fighting
  3407 | D:4      | Reached skill level 5 in Maces & Flails
  3535 | D:4      | Found a shimmering blue altar of Sif Muna.
  3537 | D:4      | Noticed a yak
  3539 | D:4      | Found a transporter.
  3553 | D:4      | Found a transporter.
  3657 | D:4      | Reached XP level 7. HP: 36/62 MP: 6/6
  4087 | D:4      | Found a staircase to the Ecumenical Temple.
  4104 | Temple   | Entered the Ecumenical Temple
  4120 | Temple   | Became a worshipper of Gozag Ym Sagoz the Greedy
  4472 | D:5      | Entered Level 5 of the Dungeon
  4591 | D:5      | Found a white marble altar of Elyvilon.
  4835 | D:5      | Found a sacrificial altar of Ru.
  5254 | D:5      | Reached XP level 8. HP: 74/74 MP: 7/7
  5555 | D:6      | Reached skill level 6 in Maces & Flails
  6000 | D:6      | Noticed Grinder
  6016 | D:6      | Paralysed by Grinder for 4 turns
  6032 | D:6      | Killed Grinder
  6262 | D:6      | Found an ornate altar of the Wu Jian Council.
  6330 | D:6      | Mangled by an orc warrior

Illustrated notes

Levels and vault maps discovered:
D:1:      sevenhm_arrival_forest_fort_large_2, layout_loops_ring,
          supply_closet_lemuel, hangedman_decor_slide_cut
D:2:      cheibrodos_greedy_goblins, layout_rooms, minmay_fountain_box,
          fedhas_altar_4, uniq_robin
D:3:      layout_basic, st_stairs_14, patterned_corridor, uniq_sigmund
D:4:      layout_cave_pools, gammafunk_temple_overflow_arena, kennysheep_mini,
          minmay_temple_entry_butterflies
D:5:      layout_loops_ring, nicolae_ru_path_of_blood, elyvilon_altar_4
D:6:      layout_loops_corners, minitemple, basic_altar, corexii_shack,
          uniq_grinder
Temple:   nicolae_temple_x_marks_the_god

Skill      XL: |  1  2  3  4  5  6  7  8 |
---------------+-------------------------+-----
Maces & Flails | 1 2 3 4 5 6 |  6.7
Armour         | 1 2 3 4 |  4.1
Fighting       | 1 2 4 |  4.1
Evocations     | 3 4 |  4.3
Dodging        | |  1.9
Stealth        | |  0.3

Action                   |  1- 3 |  4- 6 |  7- 9 || total
-------------------------+-------+-------+-------++-------
Melee: Club              |   197 |   124 |       ||   321
       Whip              |       |   137 |       ||   137
       Mace              |       |    45 |    16 ||    61
       Flail             |       |       |   224 ||   224
Evoke: Wand              |       |       |     1 ||     1
  Use: Scroll            |     3 |     6 |     5 ||    14
       Potion            |     1 |     2 |     1 ||     4
 Stab: Sleeping          |     2 |       |     1 ||     3
Armor: Robe              |    81 |   103 |   118 ||   302
Dodge: Dodged            |   115 |   160 |   177 ||   452
